 Dungeon Crawl Stone Soup version 0.30-a0-586-g23e55c9e0a (webtiles) character file.

Game seed: 14647977112009537991

19253 Citaku the Tortoise (level 12, -14/110 HPs)
             Began as a Minotaur Fighter on Jan 3, 2023.
             Was the Champion of Okawaru.
             Demolished by an orc knight
             ... wielding a +0 battleaxe
              (27 damage)
             ... on level 2 of the Orcish Mines.
             The game lasted 00:50:18 (12551 turns).

Citaku the Tortoise (Minotaur Fighter)             Turns: 12551, Time: 00:50:19

Health: -14/110    AC: 17    Str: 27    XL:     12   Next: 34%
Magic:  11/11      EV: 10    Int:  8    God:    Okawaru [******]
Gold:   1397       SH:  5    Dex: 13    Spells: 9/11 levels left

rFire   + + .      SeeInvis .    c - +9 mace of Popular Demand {vamp, Str+4 Int+3}
rCold   . . .      Faith    .    A - +0 buckler
rNeg    . . .      Spirit   .    u - +5 ring mail {rF+}
rPois   .          Reflect  .    (helmet restricted)
rElec   .          Harm     .    w - scarf {repulsion}
rCorr   .          Rampage  .    e - +2 pair of gloves
Will    +....                    (no boots)
Stlth   +                        i - amulet of the acrobat
HPRegen 0.38/turn                l - ring of protection from fire
MPRegen 0.12/turn                r - ring of willpower

@: lethally poisoned (-14 -> -41), about to teleport, repel missiles
A: horns 2, retaliatory headbutt, passive freeze, noise suppression
a: Renounce Religion, Heroism, Finesse, Duel


You were on level 2 of the Orcish Mines.
You worshipped Okawaru.
Okawaru was exalted by your worship.
You visited 2 branches of the dungeon, and saw 12 of its levels.

You collected 1397 gold pieces.

Inventory:

Hand Weapons
 c - the +9 mace of Popular Demand (weapon) {vamp, Str+4 Int+3}
   (You took it off Eustachio on level 4 of the Dungeon)

   It occasionally heals its wielder for a portion of the damage dealt when it
   wounds a living foe.
   Str:       It affects your strength (+4).
   Int:       It affects your intelligence (+3).
 G - a +2 glaive of protection
Armour
 e - a +2 pair of gloves (worn)
 u - a +5 ring mail of fire resistance (worn)
 w - a scarf of repulsion (worn)
 A - a +0 buckler (worn)
Jewellery
 h - a +6 ring of intelligence
 i - an amulet of the acrobat (around neck)
 l - a ring of protection from fire (left hand)
 r - a ring of willpower (right hand)
 x - a ring of resist corrosion
Wands
 b - a wand of digging (3)
 f - a wand of flame (44)
 k - a wand of quicksilver (11)
 t - a wand of charming (26)
 v - a wand of mindburst (15)
 z - a wand of roots (4)
Scrolls
 a - 2 scrolls of poison
 j - a scroll of magic mapping
 m - 4 scrolls of fog
 o - 2 scrolls of teleportation
 q - 2 scrolls of amnesia
 y - 2 scrolls of enchant armour
 C - a scroll of brand weapon
 D - a scroll of immolation
 F - 2 scrolls of butterflies
Potions
 p - a potion of flight
 E - a potion of degeneration


   Skills:
 + Level 11.5 Fighting
 - Level 3.9(10.1) Axes
 * Level 14.1(14.6) Maces & Flails
 - Level 2.3(4.7) Polearms
 - Level 4.7(10.4) Staves
 * Level 15.6 Armour
 - Level 4.0 Shields


You had 9 spell levels left.
You knew the following spells:

 Your Spells              Type           Power      Damage    Failure   Level
a - Wereblood             Tmut           0%         N/A       73%         2

Your spell library contained the following spells:

 Spells                   Type           Power      Damage    Failure   Level
 Apportation              Tloc           0%         N/A       58%         1
 Freeze                   Ice            0%         1d3       58%         1
 Necrotise                Necr           0%         1d4       58%         1
 Sublimation of Blood     Necr           0%         N/A       73%         2
 Frozen Ramparts          Ice            0%         1d1       91%         3
 Hailstorm                Conj/Ice       0%         3d3       91%         3
 Portal Projectile        Hex/Tloc       0%         N/A       91%         3
 Petrify                  Tmut/Erth      0%         N/A       100%        4
 Blade Hands              Tmut           0%         N/A       100%        5
 Freezing Cloud           Conj/Ice/Air   0%         6-21      100%        5
 Metabolic Englaciation   Hex/Ice        0%         N/A       100%        5
 Statue Form              Tmut/Erth      0%         N/A       100%        6
 Polar Vortex             Ice            0%         N/A       100%        9
 Summon Small Mammal      Summ           Unusable   N/A       N/A         1
 Tukima's Dance           Hex            Unusable   N/A       N/A         3
 Simulacrum               Ice/Necr       Unusable   N/A       N/A         6
 Summon Hydra             Summ           Unusable   N/A       N/A         7

Dungeon Overview and Level Annotations

Branches:
Dungeon (10/15)            Temple (0/1) D:7             Orc (2/2) D:10
    Elf (0/3) Orc:2
   Lair: D:8-11

Altars:
Ashenzari
Cheibriados
Dithmenos
Elyvilon
Fedhas
Gozag
Hepliaklqana
Makhleb
Okawaru
Qazlal
Trog
Vehumet
Wu Jian
Xom

Shops:
D:2 [   Orc:2 [

Annotations:
D:3 2 transporters, tensugalgo's ghost, amateur HuHu
D:8 1 runed translucent door
Orc:2 1 runed translucent door, xsansara's ghost, journeyman OgCA


Innate Abilities, Weirdness & Mutations

You have a pair of horns on your head.
You reflexively headbutt those who attack you in melee.
A frigid envelope surrounds you and freezes all who hurt you.
You passively dampen the noise of your surroundings.


Message History

The orc knight unwields a +0 arbalest.
The orc knight wields a +0 battleaxe.
The orc knight hits you with a +0 battleaxe!
The orc knight is very cold.
The orc knight is lightly wounded.
The orc high priest intones a terrible prayer.
The orange demon completely misses you.
Press: ? - help, v - describe, . - travel
Here: an orange demon (summoned)
The floor, spattered with blood.
You hit the orc knight but do no damage.
Your headbutt misses the orc knight.
The orc knight is lightly wounded.
The orc knight closely misses you.
You completely miss the orc knight. You headbutt the orc knight.
The orc knight is lightly wounded.
The smoke demon gestures at you. Beogh smites you!
The orc sorcerer gestures wildly while chanting.
The orc knight roars a battlecry!
The orange demon barely misses you.
The orc knight hits you with a +0 battleaxe!
The orc knight is very cold.
The orc knight is moderately wounded.
As you read the scroll of teleportation, it crumbles to dust.
You feel strangely unstable.
The orc knight no longer looks unusually strong.
The orc wizard no longer looks unusually strong.
The orc knight roars a battlecry!
The orange demon stings you from afar!
You are poisoned.
The orange demon poisons you!
The orc knight hits you with a +0 battleaxe!!
* * * LOW HITPOINT WARNING * * *
The orc knight is very cold.
The orc knight is moderately wounded.
Okay, then.
You cannot coerce anything to answer your summons.
The orc knight attacks as you move away!
The orc knight hits you with a +0 battleaxe!!
You die...

#.............# #..##.o)..oo#
##.....#####..###.##o..##.#.∩#
##....#.8.#..##..##.4## .# .#
##...))#?|W#..##.##ooo .
#.....)##+##..##.##... #
#.............##.##... .
#......)......##.#####.o..
##...............o4oo3o...
..............##@#####.o..
..............##.# .
.....##.......##.#
..............##.#
#.##.##.......##.. ##
###........###.# ##..#..### ..
####...# #.. ##.## #.


You could see 2 orc knights, an orc high priest (strong), an orange demon
(summoned), a smoke demon (summoned), an orc sorcerer (strong) and an orc
warrior (strong).

Vanquished Creatures
  Erica (D:8)
  A boulder beetle (D:10)
  3 two-headed ogres
  Pikel (D:7)
  3 orc knights
  A cyclops (D:10)
  3 orc sorcerers (Orc:2)
  Maurice (D:8)
  A gargoyle (D:10)
  A kobold demonologist (D:9)
  A troll (D:10)
  2 hornets (D:10)
  2 wraiths (D:10)
  3 wyverns
  Eustachio (D:4)
  A shadow (D:9)
  A vampire (D:10)
  2 vampire mosquitoes (D:10)
  9 yaks
  Grum (D:8)
  Menkaure (D:7)
  4 steam dragons
  A warg (Orc:2)
  Edmund (D:4)
  A water moccasin (D:5)
  An acid dragon (D:10)
  Duvessa (D:4)
  A floating eye (D:10)
  21 orc warriors
  2 sky beasts
  3 ice beasts (D:6)
  2 black bears
  3 wolves (D:8)
  4 centaurs
  11 ogres
  A lemure (D:7)
  2 phantoms (D:4)
  3 kobold brigands
  A bullfrog (D:7)
  A gnoll sergeant (D:10)
  A necrophage (D:7)
  3 scorpions
  10 wights
  Dowan (D:4)
  A water moccasin skeleton (D:4)
  11 killer bees
  6 howler monkeys
  2 jellies
  Crazy Yiuf (D:2)
  9 orc priests
  6 hounds
  2 centaur skeletons (D:4)
  Jessica (D:2)
  2 iguanas
  A scorpion zombie (D:4)
  Ijyb (D:4)
  A gnoll bouda (D:9)
  25 orc wizards
  2 human skeletons (D:7)
  2 hound zombies (D:4)
  A hound skeleton (D:4)
  8 adders
  7 gnolls
  A white imp (D:7)
  An ufetubus (D:5)
  An adder zombie (D:4)
  A worm (D:3)
  The ghost of Citaku the Sneak, a weakling DsDe (D:5)
  A dart slug (D:2)
  60 orcs
  4 endoplasms
  2 giant cockroaches
  A goblin (D:2)
  12 hobgoblins
  2 jackals (D:1)
  12 kobolds
  2 quokkas
  8 ball pythons
  3 bats
  A frilled lizard (D:1)
  4 orc skeletons (D:7)
  A rat (D:1)
326 creatures vanquished.

Vanquished Creatures (others)
  A troll (D:10)
  An orc warrior (D:10)
  An electric eel (D:10)
  An orc priest (Orc:2)
  2 orc wizards (D:10)
  14 plants
  2 withered plants (Orc:2)
22 creatures vanquished.

Grand Total: 348 creatures vanquished

Notes
Turn   | Place    | Note
-------+----------+-------------------------------------------
     0 | D:1      | Citaku the Minotaur Fighter began the quest for the Orb.
     0 | D:1      | Reached XP level 1. HP: 19/19 MP: 0/0
   217 | D:1      | Reached XP level 2. HP: 27/27 MP: 1/1
   660 | D:2      | Reached skill level 4 in Armour
   809 | D:2      | Reached XP level 3. HP: 33/33 MP: 2/2
   897 | D:2      | Found a runed translucent door.
   898 | D:2      | Noticed Crazy Yiuf
  1033 | D:2      | Noticed Jessica
  1039 | D:2      | Killed Jessica
  1049 | D:2      | Found Wofam's Armour Shoppe.
  1144 | D:2      | Reached XP level 4. HP: 31/40 MP: 3/3
  1446 | D:2      | Gained mutation: A frigid envelope surrounds you and
                  | freezes all who hurt you. [potion of mutation]
  1446 | D:2      | Gained mutation: You passively dampen the noise of your
                  | surroundings. [potion of mutation]
  1551 | D:2      | Killed Crazy Yiuf
  1706 | D:3      | Found a transporter.
  1706 | D:3      | Noticed tensugalgo's ghost (amateur HuHu)
  1710 | D:3      | Found a transporter.
  1814 | D:3      | Reached skill level 5 in Armour
  1814 | D:3      | Reached XP level 5. HP: 44/47 MP: 4/4
  1888 | D:3      | Reached skill level 1 in Staves
  1906 | D:3      | Found a snail-covered altar of Cheibriados.
  1954 | D:3      | Reached skill level 1 in Polearms
  1972 | D:3      | You fall into a shaft and drop 1 floor!
  1978 | D:4      | Noticed Eustachio
  2179 | D:4      | Noticed Ijyb
  2187 | D:4      | Killed Ijyb
  2328 | D:4      | Noticed an ogre
  2334 | D:4      | Killed an ogre
  2335 | D:4      | Reached XP level 6. HP: 55/55 MP: 5/5
  2357 | D:4      | Noticed Dowan
  2390 | D:4      | Noticed Duvessa
  2406 | D:4      | Killed Dowan
  2521 | D:4      | Reached skill level 5 in Fighting
  2587 | D:4      | Reached skill level 6 in Armour
  2626 | D:4      | Reached XP level 7. HP: 51/61 MP: 6/6
  2722 | D:4      | Identified the +9 mace of Popular Demand {vamp, Str+4
                  | Int+3}
  2734 | D:4      | Killed Eustachio
  2735 | D:4      | Reached skill level 7 in Armour
  2886 | D:4      | Killed Duvessa
  2887 | D:4      | Reached skill level 1 in Maces & Flails
  3061 | D:4      | Found an opulent altar of Gozag.
  3061 | D:4      | Noticed Edmund
  3065 | D:4      | Killed Edmund
  3154 | D:4      | Found a blossoming altar of Fedhas.
  3344 | D:4      | Reached XP level 8. HP: 36/70 MP: 7/7
  3705 | D:3      | You fall into a shaft and drop 2 floors!
  3705 | D:5      | Entered Level 5 of the Dungeon
  3869 | D:5      | Reached skill level 8 in Armour
  3882 | D:5      | Noticed a two-headed ogre
  3899 | D:5      | Killed a two-headed ogre
  3900 | D:5      | Reached skill level 5 in Maces & Flails
  3900 | D:5      | Reached skill level 9 in Armour
  4249 | D:5      | Found a runed translucent door.
  4249 | D:5      | Noticed Citaku's ghost (weakling DsDe)
  4287 | D:5      | Killed Citaku's ghost
  4333 | D:5      | Reached XP level 9. HP: 79/79 MP: 8/8
  4522 | D:5      | Found an iron altar of Okawaru.
  4553 | D:5      | Became a worshipper of Warmaster Okawaru
  5077 | D:6      | Reached skill level 10 in Armour
  5168 | D:6      | Reached * piety under Okawaru
  5524 | D:6      | Found a bloodstained altar of Trog.
  5554 | D:6      | Found a radiant altar of Vehumet.
  6128 | D:7      | Reached skill level 11 in Armour
  6146 | D:7      | Found a staircase to the Ecumenical Temple.
  6162 | D:7      | Noticed Menkaure
  6168 | D:7      | Killed Menkaure
  6170 | D:7      | Reached ** piety under Okawaru
  6308 | D:7      | Found a hazy altar of Hepliaklqana.
  6458 | D:7      | Noticed Pikel
  6467 | D:7      | Killed Pikel
  6468 | D:7      | Reached XP level 10. HP: 89/90 MP: 9/9
  6705 | D:7      | Found a shadowy altar of Dithmenos.
  6808 | D:7      | Reached *** piety under Okawaru
  7247 | D:8      | Noticed Erica
  7265 | D:8      | Killed Erica
  7266 | D:8      | Reached skill level 10 in Maces & Flails
  7266 | D:8      | Reached skill level 12 in Armour
  7729 | D:8      | Reached **** piety under Okawaru
  7729 | D:8      | Received a gift from Okawaru
  7819 | D:8      | Noticed Grum
  7832 | D:8      | Killed Grum
  7848 | D:8      | Learned a level 2 spell: Wereblood
  7896 | D:8      | Reached skill level 13 in Armour
  8171 | D:8      | Noticed a cyclops
  8171 | D:8      | Noticed an orc knight
  8171 | D:8      | Noticed a fire dragon
  8172 | D:8      | Found a runed translucent door.
  8174 | D:8      | Noticed a skeletal warrior
  8174 | D:8      | Noticed a cane toad
  8174 | D:8      | Noticed a manticore
  8174 | D:8      | Noticed a manticore
  8233 | D:8      | Noticed Maurice
  8252 | D:8      | Killed Maurice
  8253 | D:8      | Reached XP level 11. HP: 93/98 MP: 10/10
  8481 | D:9      | Found a burning altar of Makhleb.
  8749 | D:9      | Reached skill level 10 in Fighting
  9352 | D:9      | Found an ornate altar of the Wu Jian Council.
  9477 | D:10     | Entered Level 10 of the Dungeon
  9477 | D:10     | Found a stormy altar of Qazlal.
  9561 | D:10     | Paralysed by a hornet for 1 turns
  9625 | D:10     | Reached ***** piety under Okawaru
  9631 | D:10     | Reached skill level 14 in Armour
  9708 | D:10     | Noticed a boulder beetle
  9709 | D:10     | Noticed a two-headed ogre
  9726 | D:10     | Killed a boulder beetle
  9735 | D:10     | Found a broken altar of Ashenzari.
 10194 | D:10     | Received a gift from Okawaru
 10385 | D:10     | Found a shimmering altar of Xom.
 10462 | D:10     | Found a white marble altar of Elyvilon.
 10624 | D:10     | Noticed a two-headed ogre
 10633 | D:10     | Killed a two-headed ogre
 10942 | D:10     | Killed a two-headed ogre
 11071 | D:10     | Found a staircase to the Orcish Mines.
 11084 | Orc:1    | Entered Level 1 of the Orcish Mines
 11242 | Orc:1    | Noticed an orc knight
 11267 | Orc:1    | Killed an orc knight
 11268 | Orc:1    | Reached skill level 15 in Armour
 11268 | Orc:1    | Reached XP level 12. HP: 110/110 MP: 11/11
 11503 | Orc:2    | Entered Level 2 of the Orcish Mines
 11840 | Orc:2    | Found a staircase to the Elven Halls.
 12019 | Orc:2    | Found a runed translucent door.
 12020 | Orc:2    | Noticed xsansara's ghost (journeyman OgCA)
 12052 | Orc:2    | Found Tokhligge's Armour Shoppe.
 12053 | Orc:2    | Noticed an orc high priest
 12060 | Orc:2    | Noticed an orc high priest
 12430 | Orc:2    | Reached ****** piety under Okawaru
 12430 | Orc:2    | Received a gift from Okawaru
 12551 | Orc:2    | Demolished by an orc knight

Illustrated notes

Levels and vault maps discovered:
D:1:      dpeg_arrival_snail, layout_loops_ring
D:2:      layout_basic, serial_shops, nicolae_shop_window_shopping,
          uniq_crazy_yiuf_cottage, uniq_jessica
D:3:      layout_rooms, mainiacjoe_overflow_alcove_4, gammafunk_ghost_arena
D:4:      layout_basic, grunt_gozag_statues, fedhas_altar_2, serial_undead,
          serial_undead_e, serial_undead_d, serial_undead_f, serial_undead_f,
          minivault_1, grunt_ministairs_9, uniq_eustachio, uniq_ijyb,
          uniq_edmund, uniq_duvessa
D:5:      layout_gridville, kennysheep_okawaru_gauntlet,
          hellmonk_ghost_happy_afterlife, nicolae_concentric_dashed_squares_wild
D:6:      layout_loops_corners, mainiacjoe_overflow_two_lobes, minmay_circle_x
D:7:      layout_loops_ring, overflow_temple_1_default, lemuel_round_altar,
          minmay_temple_entry_junction_2, nicolae_ossuary_entry_catacombs,
          st_stairs_5, serial_bayou_crossing, uniq_menkaure, uniq_pikel
D:8:      minmay_gate_of_8, layout_basic, uniq_grum, uniq_erica, uniq_maurice
D:9:      layout_roguey, lemuel_doored_altar, nicolae_overflow_hidden_temple,
          st_stairs_10
D:10:     layout_layer_cave, xom_confusion_cloud,
          mainiacjoe_overflow_concentric_impassable,
          nicolae_elyvilon_temple_path, nicolae_qazlal_style_of_elements,
          david_orc_4, onia_ninara_cookie
Orc:1:    layout_caves, serial_shops, shop, mines1_david
Orc:2:    st_orc_elflike, layout_diamond_mine, gammafunk_ghost_grave

Skill      XL: |  1  2  3  4  5  6  7  8  9 10 11 12 |
---------------+-------------------------------------+-----
Fighting       | 4 5 6 7 8 9 11 | 11.5
Armour         | 4 5 6 7 9 11 13 15 | 15.6
Shields        | 4 |  4.0
Axes           | 3 |  3.9
Staves         | 2 4 |  4.7
Polearms       | 2 |  2.3
Maces & Flails | 2 6 9 11 13 14 | 14.1

Action                   |  1- 3 |  4- 6 |  7- 9 | 10-12 || total
-------------------------+-------+-------+-------+-------++-------
Melee: War axe           |    76 |     5 |       |       ||    81
       Headbutt          |    12 |    12 |    26 |    81 ||   131
       Quarterstaff      |       |    62 |     6 |       ||    68
       Mace              |       |       |   129 |   407 ||   536
       Punch             |       |       |       |     2 ||     2
Evoke: Wand              |       |     5 |     3 |    15 ||    23
  Use: Scroll            |       |    14 |     7 |    14 ||    35
       Potion            |       |     7 |     4 |     6 ||    17
 Stab: Fleeing           |       |     1 |       |       ||     1
Armor: Scale mail        |    32 |    28 |     3 |       ||    63
       Skin              |       |     1 |     3 |       ||     4
       Leather armour    |       |       |     1 |       ||     1
       Ring mail         |       |       |    32 |   126 ||   158
Dodge: Dodged            |    45 |    49 |   128 |   248 ||   470
       Repelled          |       |       |     1 |     5 ||     6
Block: Buckler           |    22 |     1 |       |    52 ||    75

Table legend: (Time is in decaauts)
 A = Elapsed time spent in this place.
 B = Non-inter-level travel time spent in this place.
 C = Inter-level travel time spent in this place.
 D = Time resting spent in this place.
 E = Time spent auto-exploring this place.
 F = Levels seen in this place.
 G = Mean time per level.
                   A        B        C        D        E       F      G
               +--------+--------+--------+--------+--------+-----+--------+
         Total |  12535 |  12534 |      1 |   2130 |   5975 |  12 | 1044.6 |
       Dungeon |  11091 |  11090 |      1 |   1780 |   5305 |  10 | 1109.1 |
  Orcish Mines |   1444 |   1444 |      0 |    350 |    670 |   2 |  722.0 |
               +--------+--------+--------+--------+--------+-----+--------+

Top non-repeatable levels by time:
     D:4: 1799 daAuts
    D:10: 1592 daAuts
     D:8: 1281 daAuts
     D:5: 1106 daAuts
     D:7: 1095 daAuts
     D:6: 1067 daAuts
     D:2: 1049 daAuts
   Orc:2: 1022 daAuts
     D:9: 990 daAuts
     D:1: 636 daAuts
     D:3: 470 daAuts
   Orc:1: 422 daAuts
